 Dungeon Crawl Stone Soup version 0.26-a0-652-gafc20e3620 (webtiles) character file.

Game seed: 14963730897648262485

5994 miket3c the Cleaver (level 10, 0/133 HPs)
             Began as a Minotaur Fighter on Oct 1, 2020.
             Was a Believer of Trog.
             Succumbed to a hornet's poison
             ... on level 9 of the Dungeon.
             The game lasted 00:22:28 (9860 turns).

miket3c the Cleaver (Minotaur Fighter)              Turns: 9860, Time: 00:22:28

Health: 0/133      AC: 18    Str: 27    XL:     10   Next: 55%
Magic:  9/9        EV:  6    Int:  5    God:    Trog [**....]
Gold:   269        SH: 10    Dex: 10    Spells: 9/9 levels left

rFire    . . .     SeeInvis .   a - +0 war axe
rCold    . . .     Faith    .   c - +0 kite shield
rNeg     . . .     Spirit   .   k - +0 chain mail
rPois    .         Reflect  .   H - +2 hat
rElec    .         Harm     .   (no cloak)
rCorr    .         Rampage  .   E - +2 pair of gloves {Str+3}
MR       .....                  J - +0 pair of boots
Stlth    ..........             (no amulet)
HPRegen  0.32/turn              (no ring)
MPRegen  0.11/turn              (no ring)

@: berserking (expiring), lethally poisoned (0 -> -8), slowed
A: retaliatory headbutt, horns 2
a: Berserk, Trog's Hand, Renounce Religion


You were on level 9 of the Dungeon.
You worshipped Trog.
Trog was pleased with you.
You visited 2 branches of the dungeon, and saw 10 of its levels.

You collected 591 gold pieces.
You spent 322 gold pieces at shops.

Inventory:

Hand Weapons
 a - a +0 war axe (weapon)
 I - a +0 battleaxe
Missiles
 f - 287 stones
 p - 38 poisoned darts (quivered)
 y - 10 boomerangs
Armour
 b - a +0 scale mail
 c - a +0 kite shield (worn)
 e - a +0 pair of boots
 k - a +0 chain mail (worn)
 E - a +2 pair of gloves of strength (worn)
 H - a +2 hat (worn)
 J - a +0 pair of boots (worn)
Jewellery
 l - an uncursed ring of positive energy {unknown}
 t - an uncursed ring of stealth {unknown}
 u - an uncursed ring of stealth {unknown}
 G - a +4 ring of evasion {unknown}
Wands
 q - a wand of digging (3)
 z - a wand of flame (24)
 B - a wand of acid (7)
 F - a wand of polymorph (15)
Scrolls
 g - 2 scrolls of blinking
 h - 9 scrolls of teleportation
 j - a scroll of fear {unknown}
 w - 5 scrolls of identify
 x - a scroll of magic mapping
 A - a scroll of remove curse {unknown}
Potions
 d - 2 potions of might
 i - 2 potions of brilliance {unknown}
 m - a potion of lignification
 n - 2 potions of resistance {unknown}
 o - a potion of stabbing {unknown}
 r - 2 potions of flight {unknown}
 s - 2 potions of degeneration {unknown}
 v - a potion of haste {unknown}
 C - a potion of mutation {unknown}
 D - a potion of magic {unknown}


   Skills:
 + Level 8.3 Fighting
 * Level 14.5 Axes
 + Level 9.4 Armour
 - Level 0.3 Dodging
 - Level 4.3 Shields


You had 9 spell levels left.
You didn't know any spells.
Your spell library was empty.

Dungeon Overview and Level Annotations

Branches:
Dungeon (9/15)             Temple (1/1) D:5
   Lair: D:8-11         Orc: D:9-12

Altars:
Ashenzari
Cheibriados
Dithmenos
Elyvilon
Fedhas
Gozag
Hepliaklqana
Kikubaaqudgha
Makhleb
Nemelex Xobeh
Okawaru
Qazlal
Ru
Trog
Uskayaw
Vehumet
Wu Jian
Xom
Yredelemnul
Zin
The Shining One

Shops:
D:5 }:?   D:7 [!((?

Annotations:
D:5 3 runed translucent doors, Zdeegee's ghost, novice DsBr


Innate Abilities, Weirdness & Mutations

You reflexively headbutt those who attack you in melee.
You have a pair of horns on your head.


Message History

Okay, then.
You miss the hornet. You headbutt the hornet!
The hornet is severely wounded.
* * * LOW HITPOINT WARNING * * *
You feel sick. You block the hornet's attack. The hornet barely misses you.
You furiously retaliate!
You headbutt the hornet!
You feel the power of Trog in you as your rage grows.
You kill the hornet!
Trog accepts your kill.
Your life force feels restored.
You are too berserk!
You are too berserk!
You are too berserk!
Unknown command.
* * * LOW HITPOINT WARNING * * *
You feel sick.
You feel a strong urge to attack something.
* * * LOW HITPOINT WARNING * * *
You feel sick.
You die...

...........#..#
#.#
..........(#..#
...# ........####
###.# #
#######.## #.#
#.#######...# .
........#.#
###.####.#+###
##.....##.....#
#......@#.....#
.#.......#.....#
..[.._†).......#
.#.......#.....#
#.......#.......#
##.....##.......#
###.####..##...#
... .?.# .....
...# ...# .[...


There were no monsters in sight!

Vanquished Creatures
  Gastronok (D:8)
  Maggie (D:8)
  A hornet (D:9)
  Sigmund (D:2)
  A wyvern (D:8)
  Grum (D:8)
  2 water moccasins
  2 orc warriors
  An ice beast (D:6)
  4 ogres
  A necrophage (D:8)
  A phantom (D:8)
  A centaur (D:6)
  2 wolves (D:8)
  3 bullfrogs
  2 big kobolds
  2 scorpions
  A water moccasin skeleton (D:8)
  6 killer bees (D:7)
  9 wights
  An electric eel (D:7)
  3 howler monkeys
  A bullfrog zombie (D:6)
  A quasit (D:6)
  2 jellies
  2 orc priests (D:5)
  2 bullfrog skeletons
  3 hounds
  3 orc wizards
  5 iguanas
  Ijyb (D:5)
  Terence (D:2)
  6 worker ants
  Natasha (D:2)
  7 adders
  2 shadow imps
  2 white imps
  An adder zombie (D:5)
  4 worms
  3 dart slugs
  2 leopard geckos
  36 orcs
  A ball python (D:6)
  10 giant cockroaches
  12 goblins
  4 hobgoblins
  7 jackals
  17 kobolds
  5 quokkas
  9 bats
  5 frilled lizards
  A leopard gecko zombie (D:5)
  A quokka skeleton (D:6)
  9 rats
213 creatures vanquished.

Vanquished Creatures (others)
  4 fungi
  2 plants (D:5)
6 creatures vanquished.

Grand Total: 219 creatures vanquished

Notes
Turn   | Place    | Note
-------+----------+-------------------------------------------
     0 | D:1      | miket3c the Minotaur Fighter began the quest for the Orb.
     0 | D:1      | Reached XP level 1. HP: 19/19 MP: 0/0
   273 | D:1      | Reached XP level 2. HP: 27/27 MP: 1/1
   635 | D:1      | Reached XP level 3. HP: 34/34 MP: 2/2
  1040 | D:2      | Noticed Terence
  1052 | D:2      | Killed Terence
  1052 | D:2      | Reached skill level 3 in Axes
  1173 | D:2      | Found a faded altar of an unknown god.
  1258 | D:2      | Reached XP level 4. HP: 41/41 MP: 3/3
  1340 | D:2      | Found a shadowy altar of Dithmenos.
  1505 | D:2      | Noticed Sigmund
  1522 | D:2      | Killed Sigmund
  1522 | D:2      | Reached skill level 5 in Axes
  1522 | D:2      | Reached XP level 5. HP: 11/47 MP: 4/4
  1974 | D:2      | Noticed Natasha
  1984 | D:2      | Killed Natasha
  1984 | D:2      | Reached skill level 5 in Fighting
  1984 | D:2      | Reached XP level 6. HP: 56/56 MP: 5/5
  2367 | D:3      | Found an iron altar of Okawaru.
  2624 | D:3      | Found a blossoming altar of Fedhas.
  2790 | D:4      | Reached skill level 5 in Armour
  2806 | D:4      | Reached skill level 6 in Axes
  2986 | D:4      | Found a white marble altar of Elyvilon.
  3440 | D:4      | You fall into a shaft and drop 2 floors!
  3478 | D:6      | Reached skill level 7 in Axes
  3478 | D:6      | Reached XP level 7. HP: 44/61 MP: 6/6
  3741 | D:6      | Reached skill level 8 in Axes
  4179 | D:5      | Entered Level 5 of the Dungeon
  4179 | D:5      | Found a shimmering altar of Xom.
  4181 | D:5      | Found Saogub's Gadget Emporium.
  4450 | D:5      | Found a runed translucent gate.
  4523 | D:4      | Reached XP level 8. HP: 68/69 MP: 7/7
  4699 | D:5      | Reached skill level 9 in Axes
  4707 | D:5      | Found a staircase to the Ecumenical Temple.
  4794 | Temple   | Entered the Ecumenical Temple
  5013 | D:5      | Noticed Ijyb
  5026 | D:5      | Killed Ijyb
  5285 | D:5      | Found a bloodstained altar of Trog.
  5291 | D:5      | Became a worshipper of Trog the Wrathful
  5335 | D:5      | Found Hifaf's Magic Scroll Shop.
  5340 | D:5      | Bought a scroll of teleportation for 36 gold pieces
  5340 | D:5      | Bought a scroll of blinking for 90 gold pieces
  5340 | D:5      | Bought a scroll of identify for 24 gold pieces
  5562 | D:5      | Found Axihem's Book Emporium.
  5621 | D:5      | Found a runed translucent gate.
  5622 | D:5      | Found a runed translucent gate.
  5622 | D:5      | Noticed Zdeegee's ghost (novice DsBr)
  5711 | D:6      | Found a burning altar of Makhleb.
  5733 | D:6      | Found a snail-covered altar of Cheibriados.
  6425 | D:7      | Reached skill level 10 in Axes
  6852 | D:7      | Found Vyhig's Antique Armour Shop.
  7049 | D:7      | Reached skill level 11 in Axes
  7079 | D:7      | Reached * piety under Trog
  7079 | D:7      | Reached XP level 9. HP: 58/78 MP: 8/8
  7259 | D:7      | Bought a pair of glowing gloves for 172 gold pieces
  7302 | D:7      | Found Saf Xula's Distillery.
  7308 | D:7      | Found Qaoqeav's Antique Weapon Boutique.
  7479 | D:7      | Found Lomest's Magic Scroll Emporium.
  7566 | D:7      | Found Motaha's Antique Weapon Emporium.
  8233 | D:8      | Noticed Grum
  8258 | D:8      | Noticed Maggie
  8535 | D:8      | Killed Maggie
  8535 | D:8      | Reached skill level 12 in Axes
  8546 | D:8      | Killed Grum
  8701 | D:8      | Found a basalt altar of Yredelemnul.
  8843 | D:8      | Reached ** piety under Trog
  8896 | D:8      | Found a glowing golden altar of the Shining One.
  8900 | D:8      | Noticed an angel
  8921 | D:8      | Noticed a profane servitor
  9048 | D:8      | Reached skill level 13 in Axes
  9310 | D:8      | Reached XP level 10. HP: 71/86 MP: 9/9
  9358 | D:8      | Noticed Gastronok
  9381 | D:8      | Killed Gastronok
  9381 | D:8      | Reached skill level 14 in Axes
  9656 | D:8      | Found a glowing silver altar of Zin.
  9836 | D:9      | Found a hazy altar of Hepliaklqana.
  9843 | D:9      | Paralysed by a hornet for 3 turns
  9852 | D:9      | Paralysed by a hornet for 3 turns
  9856 | D:9      | HP: 4/132 [hornet (5)]
  9858 | D:9      | HP: 1/133 [poisoned by a hornet]
  9860 | D:9      | Succumbed to a hornet's poison

Illustrated notes

Levels and vault maps discovered:
D:1:      matt_arrival_spirals, layout_basic, chequers_hall_statues_y,
          due_unseen_surprise
D:2:      layout_basic, grunt_dithmenos_smoke, chequers_ecumenical_altar_twisty,
          uniq_terence, uniq_natasha, uniq_sigmund
D:3:      layout_rooms, fedhas_ov_isle_minmay, okawaru_trees_2
D:4:      layout_loops_ring, elyvilon_altar_5
D:5:      layout_cave_pools, old_standard_altar, xom_teletrap_fun,
          temple_fountains, serial_shops, kennysheep_mini_moat, kennysheep_mini,
          shop, gammafunk_ghost_nasty_kobolds, uniq_ijyb
D:6:      layout_loops_corners, cheibriados_altar_1,
          nicolae_overflow_hidden_temple, minmay_starry_boxes
D:7:      layout_layer_cave, serial_shops, shop_fountains, shop, shop,
          nicolae_shop_waterfront, nicolae_shop_waterfront
D:8:      layout_rooms, grunt_temple_overflow_holy_war, zin_treasury,
          fungi_pond_lemuel, st_stairs_13, kennysheep_generic_room_16,
          uniq_maggie, uniq_gastronok, uniq_grum
D:9:      layout_basic, old_standard_altar, lemuel_round_altar, serial_glass,
          glass_columns_a, glass_columns_b, minmay_misc_feat_roman,
          hangedman_feature_mirror
Temple:   nicolae_temple_figure_zero

Skill      XL: |  1  2  3  4  5  6  7  8  9 10 |
---------------+-------------------------------+-----
Fighting       | 4 5 6 7 8 |  8.3
Armour         | 4 5 6 7 8 9 |  9.4
Shields        | 4 |  4.3
Axes           | 3 5 7 8 11 13 14 | 14.5
Dodging        | |  0.3

Action                   |  1- 3 |  4- 6 |  7- 9 | 10-12 || total
-------------------------+-------+-------+-------+-------++-------
Melee: War axe           |    65 |   141 |   340 |    53 ||   599
       Headbutt          |     8 |    22 |    70 |    10 ||   110
Throw: Stone             |       |       |    23 |     1 ||    24
       Dart              |       |       |       |     9 ||     9
Invok: Berserk           |       |       |     1 |     1 ||     2
  Use: Potion            |       |       |     9 |       ||     9
       Scroll            |       |       |     2 |       ||     2
Armor: Scale mail        |    34 |    50 |   119 |       ||   203
       Skin              |       |     2 |     4 |       ||     6
       Chain mail        |       |       |    28 |    18 ||    46
Dodge: Dodged            |    36 |    42 |   101 |    11 ||   190
Block: Kite shield       |    43 |    68 |   171 |    11 ||   293

Table legend: (Time is in decaauts)
 A = Elapsed time spent in this place.
 B = Non-inter-level travel time spent in this place.
 C = Inter-level travel time spent in this place.
 D = Time resting spent in this place.
 E = Time spent auto-exploring this place.
 F = Levels seen in this place.
 G = Mean time per level.
                   A        B        C        D        E       F      G
               +--------+--------+--------+--------+--------+-----+--------+
         Total |   9973 |   9669 |    304 |   2546 |   5173 |  10 |  997.3 |
       Dungeon |   9757 |   9464 |    293 |   2546 |   4993 |   9 | 1084.1 |
        Temple |    216 |    205 |     11 |      0 |    180 |   1 |  216.0 |
               +--------+--------+--------+--------+--------+-----+--------+

Top non-repeatable levels by time:
     D:7: 1791 daAuts
     D:6: 1750 daAuts
     D:8: 1329 daAuts
     D:2: 1265 daAuts
     D:5: 1038 daAuts
     D:1: 987 daAuts
     D:4: 942 daAuts
     D:3: 564 daAuts
  Temple: 216 daAuts
     D:9: 86 daAuts
